 Dungeon Crawl Stone Soup version 0.29.0-11-gd7f09526c8 (webtiles) character file.

Game seed: 11916190188565886398

168 Powertoast the Cudgeller (level 5, -2/52 HPs)
             Began as a Troll Berserker on Sept 4, 2022.
             Was a Believer of Trog.
             Slain by an iguana (9 damage)
             ... on level 4 of the Dungeon.
             The game lasted 00:10:29 (2842 turns).

Powertoast the Cudgeller (Troll Berserker)          Turns: 2842, Time: 00:10:29

Health: -2/52      AC:  5    Str: 27    XL:     5   Next: 24%
Magic:  4/4        EV: 10    Int:  3    God:    Trog [**....]
Gold:   30         SH:  0    Dex:  9    Spells: 4/4 levels left

rFire   . . .      SeeInvis .   a - +0 mace
rCold   . . .      Faith    .   (no shield)
rNeg    . . .      Spirit   .   b - +0 animal skin
rPois   .          Reflect  .   (helmet restricted)
rElec   .          Harm     .   d - +0 cloak
rCorr   .          Rampage  .   (gloves unavailable)
Will    .....                   (boots unavailable)
Stlth   +.........              (no amulet)
HPRegen 0.97/turn               (no ring)
MPRegen 0.09/turn               (no ring)

@: studying Maces & Flails
A: large, unfitting armour, claws 3, regeneration 1, shaggy fur 1, tough skin 1
a: Renounce Religion, Berserk, Trog's Hand


You were on level 4 of the Dungeon.
You worshipped Trog.
Trog was pleased with you.
You visited 1 branch of the dungeon, and saw 4 of its levels.

You collected 124 gold pieces.
You spent 94 gold pieces at shops.

Inventory:

Hand Weapons
 a - a +0 mace (weapon)
Missiles
 c - a throwing net (quivered)
Armour
 b - a +0 animal skin (worn)
 d - a +0 cloak (worn)
Jewellery
 m - a ring of ice
Wands
 o - a wand of digging (5)
Scrolls
 f - a scroll of enchant weapon {unknown}
 i - a scroll of blinking {unknown}
 j - 2 scrolls of teleportation
 k - a scroll of acquirement {unknown}
 n - a scroll of magic mapping {unknown}
Potions
 e - a potion of flight {unknown}
 g - a potion of heal wounds
 h - a potion of haste {unknown}
 l - 4 potions of curing {unknown}
 q - 2 potions of berserk rage {unknown}
 r - a potion of lignification {unknown}
 s - a potion of mutation {unknown}


   Skills:
 + Level 2.9 Fighting
 + Level 5.5 Maces & Flails
 - Level 2.4 Dodging


You had 4 spell levels left.
You didn't know any spells.
Your spell library was empty.

Dungeon Overview and Level Annotations

Branches:
Dungeon (4/15)
 Temple: D:4-7

Altars:
Uskayaw

Shops:
D:2 !*


Innate Abilities, Weirdness & Mutations

You are too large for most types of armour.
You have claws for hands.
Your natural rate of healing is unusually fast.
You are covered in fur. (AC +1)
You have tough skin. (AC +1)


Message History

The hobgoblin shouts!
The hobgoblin barely misses you.
You sock the hobgoblin!
You kill the hobgoblin!
Trog accepts your kill.
n - a scroll labelled JOIROR PUGERA
Found a whip.
You now have 30 gold pieces (gained 9).
An iguana comes into view.
The iguana hisses angrily.
You barely miss the iguana. The iguana bites you. The iguana barely misses you.
You hit the iguana but do no damage.
The iguana bites you but does no damage.
You hit the iguana but do no damage. The iguana bites you!
You thump the iguana!
The iguana is heavily wounded.
The iguana barely misses you.
You closely miss the iguana.
The iguana is heavily wounded.
The iguana bites you!
You hit the iguana.
The iguana is severely wounded.
The iguana hisses menacingly.
The iguana bites you.
You closely miss the iguana.
The iguana is severely wounded.
The iguana bites you!
You barely miss the iguana.
The iguana is severely wounded.
The iguana bites you.
* * * LOW HITPOINT WARNING * * *
The iguana bites you!
* * * LOW HITPOINT WARNING * * *
You hit the iguana but do no damage.
The iguana is severely wounded.
The iguana bites you but does no damage.
You closely miss the iguana.
The iguana is severely wounded.
The iguana bites you!
You die...

### ..#
## #.# .#
#.# .#
#.#
.####l#
..##@#
#.##.#
#.##.#
#....# #
#.#### .#
#.# .#
#######.#
##
#.......#
#.#####.#


You could see an iguana.

Vanquished Creatures
  2 hounds (D:4)
  Robin (D:2)
  An adder (D:1)
  2 worms
  3 dart slugs
  2 orcs (D:3)
  8 ball pythons
  6 endoplasms
  2 giant cockroaches (D:1)
  13 goblins
  10 hobgoblins
  4 bats
  3 frilled lizards (D:2)
  5 kobolds
  6 rats
68 creatures vanquished.

Notes
Turn   | Place    | Note
-------+----------+-------------------------------------------
     0 | D:1      | Powertoast the Troll Berserker began the quest for the Orb.
     0 | D:1      | Reached XP level 1. HP: 22/22 MP: 0/0
   202 | D:1      | Found a faded altar of an unknown god.
   207 | D:1      | Reached skill level 3 in Maces & Flails
   324 | D:1      | Reached XP level 2. HP: 29/29 MP: 1/1
   957 | D:2      | Found Seygemaamuh's Assorted Antiques.
   969 | D:2      | Bought a dark potion for 24 gold pieces
  1090 | D:2      | Reached ** piety under Trog
  1091 | D:2      | Reached XP level 3. HP: 36/36 MP: 2/2
  1099 | D:2      | Found a hide-covered altar of Uskayaw.
  1099 | D:2      | Noticed Robin
  1147 | D:1      | Reached skill level 4 in Maces & Flails
  1302 | D:2      | Killed Robin
  1445 | D:2      | Found Niffeud's Distillery.
  1536 | D:2      | You fall into a shaft and drop 2 floors!
  1678 | D:1      | Reached XP level 4. HP: 29/44 MP: 3/3
  2524 | D:2      | Bought a potion of heal wounds for 70 gold pieces
  2580 | D:4      | Reached skill level 5 in Maces & Flails
  2615 | D:4      | Reached XP level 5. HP: 41/52 MP: 4/4
  2842 | D:4      | Slain by an iguana

Illustrated notes

Levels and vault maps discovered:
D:1:      evilmike_arrival_fibonacci_small, layout_loops_corners,
          shapermc_ecumenical_altar_starsandcircs, nrook_mini_backslash,
          kennysheep_small_spiral
D:2:      layout_rooms, basic_altar, serial_shops, nicolae_square_shop,
          nicolae_shop_advertising_works [nicolae_subvault_shop_adworks],
          serial_corexii_hall, chequers_hall_statues_wall_a,
          chequers_hall_statues_corner_a, uniq_robin
D:3:      layout_basic, kennysheep_flooded_box
D:4:      layout_loops_ring, serial_shops, nicolae_shop_hallway_plus,
          serial_glass, glass_columns_a, glass_columns_b,
          chequers_serial_rivers_micro_d, uniq_ijyb

Skill      XL: |  1  2  3  4 |
---------------+-------------+-----
Maces & Flails | 3 4 5 |  5.5
Fighting       | |  2.9
Dodging        | |  2.4

Action                   |  1- 3 |  4- 6 || total
-------------------------+-------+-------++-------
Melee: Mace              |   144 |   107 ||   251
       Punch             |       |     1 ||     1
Invok: Berserk           |     1 |       ||     1
  Use: Scroll            |       |     3 ||     3
Armor: Animal skin       |   109 |    25 ||   134
Dodge: Dodged            |   119 |    59 ||   178
